 Dungeon Crawl Stone Soup version 0.30.1 (webtiles) character file.

Game seed: 13557869980211892351

130 Arctor the Insei (level 5, -1/34 HPs)
             Began as an Octopode Transmuter on July 7, 2023.
             Slain by an orc wizard
             ... wielding a +0 dagger
              (4 damage)
             ... on level 3 of the Dungeon.
             The game lasted 00:01:40 (1830 turns).

Arctor the Insei (Octopode Transmuter)              Turns: 1830, Time: 00:01:41

Health: -1/34      AC:  1    Str:  9    XL:     5   Next: 13%
Magic:  9/9        EV: 13    Int: 17    God:
Gold:   95         SH:  0    Dex: 13    Spells: 4/9 levels left

rFire   . .          .
                       - Unarmed
rCold   . . .        (no shield)
rNeg    . . .        (helmet restricted)
rPois   +            c - amulet of magic regeneration
rElec   .            k - ring of poison resistance
rCorr   .            (no ring)
SInv    .            (no ring)
Will    .....        (no ring)
Stlth   ++           (no ring)
HPRegen 0.25/turn    (no ring)
MPRegen 0.51/turn    (no ring)
                     (no ring)

%: no passive effects
@: no status effects
A: almost no armour, amphibious, 8 rings, camouflage 1, gelatinous body 1,
(nimble swimmer 1), tentacles
a: no special abilities


You were on level 3 of the Dungeon.
You visited 1 branch of the dungeon, and saw 3 of its levels.

You collected 95 gold pieces.

Inventory:

Jewellery
 c - an amulet of magic regeneration (around mantle)
 k - a ring of poison resistance (left tentacle)
Scrolls
 d - a scroll of fog
 g - a scroll of blinking {unknown}
 h - a scroll of teleportation {unknown}
 i - a scroll of identify {unknown}
 j - a scroll of enchant armour {unknown}
 m - a scroll of enchant weapon {unknown}
Potions
 a - a potion of lignification
 b - 2 potions of ambrosia {unknown}
 e - a potion of degeneration {unknown}
 f - a potion of might {unknown}
 l - a potion of attraction {unknown}


   Skills:
 + Level 2.1 Fighting
 + Level 2.7 Dodging
 + Level 3.6 Unarmed Combat
 + Level 2.6 Spellcasting
 + Level 2.7 Transmutations
 + Level 0.9 Ice Magic


You had 4 spell levels left.
You knew the following spells:

 Your Spells              Type           Power      Damage    Failure   Level
a - Beastly Appendage     Tmut           22%        N/A       6%          1
b - Ice Form              Ice/Tmut       8%         N/A       63%         4

Your spell library contained the following spells:

 Spells                   Type           Power      Damage    Failure   Level
 Wereblood                Tmut           11%        N/A       9%          2
 Blink                    Tloc           4%         N/A       28%         2
 Spider Form              Tmut/Pois      7%         N/A       30%         3
 Manifold Assault         Tloc           2%         N/A       88%         4
 Storm Form               Tmut/Air       3%         N/A       100%        7


Dungeon Overview and Level Annotations

Branches:
Dungeon (3/15)

Altars:


Innate Abilities, Weirdness & Mutations

You cannot wear most types of armour.
You are amphibious.
You can wear up to eight rings at the same time.
Your skin changes colour to match your surroundings (Stealth+).
Your rubbery body absorbs attacks. (AC +1, EV +1)
((You are camouflaged when in or above water. (Stealth+)))
You have tentacles for arms and can constrict up to eight enemies at once.


Message History

The orc hits you with a +0 club.
You bump into the rock wall.
Your transformation is almost over.
Something hits you. The orc closely misses you.
You barely miss something.
Your tentacle spike misses something.
You tentacle-slap the orc but do no damage.
Your tentacle spike misses the orc.
You feel less confused. Something hits you. The orc closely misses you.
You closely miss the orc. Your grab misses the orc.
You pierce the orc.
You squeeze the orc.
You kill the orc!
Something barely misses you.
You barely miss something. Something hits you.
You tentacle-slap something but do no damage.
You pierce something.
Something hits you.
You closely miss something. Your squeeze misses something.
Something hits you but does no damage.
You miss something.
Your tentacle spike misses something.
You squeeze something.
You hear some strange, mumbled words.
A magic dart appears from out of thin air!
The magic dart hits you.
* * * LOW HITPOINT WARNING * * *
You closely miss something.
Your tentacle spike misses something.
Something hits you.
* * * LOW HITPOINT WARNING * * *
You tentacle-slap something but do no damage.
You pierce something.
Something hits you.
* * * LOW HITPOINT WARNING * * *
You tentacle-slap something but do no damage.
Your tentacle spike misses something.
Your squeeze misses something.
Your tentacle spike disappears.
Something completely misses you.
You tentacle-slap something but do no damage.
Something hits you but does no damage.
You miss something. Your squeeze misses something. Something hits you.
* * * LOW HITPOINT WARNING * * *
You closely miss something. Something hits you.
You die...

#### ####
..##....# ##
##)......# #[.
###)....)..# #.#
#.@{###.....
#..# #.### ...
#...### #.# #
#.#...########.#
#....).........#
#........†..####
#.....#####.#
#....## #.#
###..<# #..


There were no monsters in sight!

Vanquished Creatures
  Jessica (D:2)
  An orc wizard (D:3)
  2 adders
  3 dart slugs
  2 orcs (D:3)
  5 endoplasms (D:1)
  4 giant cockroaches
  3 goblins
  6 hobgoblins
  2 jackals (D:1)
  6 kobolds
  3 quokkas (D:2)
  3 ball pythons
  4 bats (D:1)
  2 frilled lizards (D:1)
  2 rats
49 creatures vanquished.

Notes
Turn   | Place    | Note
-------+----------+-------------------------------------------
     0 | D:1      | Arctor the Octopode Transmuter began the quest for the Orb.
     0 | D:1      | Reached XP level 1. HP: 13/13 MP: 3/3
   167 | D:1      | Reached XP level 2. HP: 4/18 MP: 3/5
   388 | D:1      | Reached XP level 3. HP: 23/23 MP: 6/6
   835 | D:2      | Noticed Jessica
   846 | D:2      | Killed Jessica
   847 | D:2      | Reached XP level 4. HP: 29/29 MP: 7/7
   901 | D:2      | Learned a level 4 spell: Ice Form
  1400 | D:2      | Found a faded altar of an unknown god.
  1816 | D:3      | Reached XP level 5. HP: 23/34 MP: 8/8
  1830 | D:3      | Slain by an orc wizard

Illustrated notes

Levels and vault maps discovered:
D:1:      dpeg_arrival_line_fractal, layout_basic
D:2:      layout_loops_corners, dilly_ecumenical_altar_fadedgnrine,
          hangedman_glass_teeth, minivault_25, uniq_jessica
D:3:      layout_rooms, overflow_temple_1_default, uniq_crazy_yiuf_cottage

Skill      XL: |  1  2  3  4 |
---------------+-------------+-----
Fighting       | 2 |  2.1
Dodging        | |  2.7
Unarmed Combat | |  3.6
Spellcasting   | |  2.6
Transmutations | |  2.7
Ice Magic      | |  0.9

Action                     |  1- 3 |  4- 6 || total
---------------------------+-------+-------++-------
  Melee: Unarmed           |    68 |    56 ||   124
         Kick              |    23 |    18 ||    41
         Tentacles         |    13 |    11 ||    24
         Constrict         |    15 |    15 ||    30
         Punch             |     2 |       ||     2
   Cast: Beastly Appendage |    21 |    26 ||    47
    Use: Scroll            |     2 |       ||     2
   Stab: Sleeping          |     2 |     4 ||     6
 Armour: Skin              |    10 |     5 ||    15
  Dodge: Dodged            |    53 |    31 ||    84
